 Dungeon Crawl Stone Soup version 0.28-a0-1080-g05a166d0ed (webtiles) character file.

Game seed: 334352816725616518

26 ytrimaz the Insei (level 3, 0/23 HPs)
             Began as an Octopode Transmuter on Dec 9, 2021.
             Slain by an endoplasm (3 damage)
             ... on level 2 of the Dungeon.
             The game lasted 00:01:00 (986 turns).

ytrimaz the Insei (Octopode Transmuter)              Turns: 986, Time: 00:01:00

Health: 0/23       AC:  1    Str:  9    XL:     3   Next: 8%
Magic:  6/6        EV: 13    Int: 17    God:
Gold:   13         SH:  0    Dex: 12    Spells: 2/6 levels left

rFire   + . .      SeeInvis .     - Unarmed
rCold   + . .      Faith    .   (no shield)
rNeg    . . .      Spirit   .   (helmet restricted)
rPois   +          Reflect  .   (no amulet)
rElec   +          Harm     .   (no ring)
rCorr   +          Rampage  .   (no ring)
Will    .....                   (no ring)
Stlth   ++........              (no ring)
HPRegen 0.07/turn               (no ring)
MPRegen 0.10/turn               (no ring)
                                (no ring)
                                (no ring)

@: resistant
A: almost no armour, amphibious, 8 rings, camouflage 1, gelatinous body 1,
(nimble swimmer 1), tentacles
a: no special abilities


You were on level 2 of the Dungeon.
You visited 1 branch of the dungeon, and saw 2 of its levels.

You collected 13 gold pieces.

Inventory:

Scrolls
 a - a scroll of identify
 c - a scroll of enchant armour
 d - a scroll of holy word


   Skills:
 * Level 1.5 Fighting
 * Level 2.4 Dodging
 + Level 3.6 Unarmed Combat
 + Level 2.0 Spellcasting
 - Level 2.0 Transmutations


You had 2 spell levels left.
You knew the following spells:

 Your Spells              Type           Power      Damage    Failure   Level
a - Beastly Appendage     Tmut           16%        N/A       9%          1
b - Spider Form           Tmut/Pois      5%         N/A       36%         3

Your spell library contained the following spells:

 Spells                   Type           Power      Damage    Failure   Level
 Wereblood                Tmut           8%         N/A       13%         2
 Ice Form                 Ice/Tmut       5%         N/A       77%         4


Dungeon Overview and Level Annotations

Branches:
Dungeon (2/15)

Altars:


Innate Abilities, Weirdness & Mutations

You cannot wear most types of armour.
You are amphibious.
You can wear up to eight rings at the same time.
Your skin changes colour to match your surroundings (Stealth+).
Your rubbery body absorbs attacks. (AC +1, EV +1)
((You are camouflaged near water. (Stealth+)))
You have tentacles for arms and can constrict up to eight enemies at once.


Message History

You barely miss the ball python. Your grab misses the ball python.
The ball python bites you but does no damage.
The ball python constricts you.
You tentacle-slap the ball python. You grab the ball python.
The ball python is moderately wounded.
You constrict the ball python.
The kobold hits you with a +0 short sword.
The ball python closely misses you. The ball python constricts you.
You tentacle-slap the ball python.
You kill the ball python!
The kobold hits you with a +0 short sword.
The ball python misses you. The ball python grabs you.
The ball python constricts you.
You tentacle-slap the ball python.
You kill the ball python!
The endoplasm freezes you.
You are frozen.
The kobold closely misses you.
You tentacle-slap the kobold but do no damage.
You grab the kobold. You constrict the kobold. The endoplasm barely misses you.
The kobold barely misses you.
You tentacle-slap the kobold but do no damage.
The kobold is moderately wounded.
You constrict the kobold. The endoplasm freezes you.
You are frozen.
The kobold hits you with a +0 short sword.
* * * LOW HITPOINT WARNING * * *
Unknown command.
You release your grip on the kobold.
There is a stone staircase leading down here.
It was a potion of resistance.
You feel protected. The endoplasm hits you.
* * * LOW HITPOINT WARNING * * *
Unknown command.
Things that are here:
a +0 dagger; a goblin corpse
There is an escape hatch in the ceiling here.
The endoplasm hits you.
You die...

#..##### ##..#..
#..#.#### #..#.#..
##g..#.# ##
#...#.#####..
#...K.......#
#...J.####..#
##..@.# #..#
#######....# #..#
#.....#....####..#
#...<.+....#.....#
#.....##.>##.##.##
#.....##.#..<.#.#
#.....##.#.##.#.#
#.....##.#.##.#.#
#.....##.#.##.#.#


You could see an endoplasm, a hobgoblin and a kobold.

Vanquished Creatures
  An adder (D:2)
  A dart slug (D:1)
  3 ball pythons
  A giant cockroach (D:1)
  3 goblins
  2 hobgoblins (D:1)
  A kobold (D:1)
  2 rats (D:1)
14 creatures vanquished.

Notes
Turn   | Place    | Note
-------+----------+-------------------------------------------
     0 | D:1      | ytrimaz the Octopode Transmuter began the quest for the
                  | Orb.
     0 | D:1      | Reached XP level 1. HP: 13/13 MP: 3/3
   267 | D:1      | Reached XP level 2. HP: 6/18 MP: 5/5
   919 | D:2      | Reached XP level 3. HP: 23/23 MP: 6/6
   943 | D:2      | Learned a level 3 spell: Spider Form
   959 | D:2      | HP: 1/23 [endoplasm (2)]
   986 | D:2      | Slain by an endoplasm

Illustrated notes

Levels and vault maps discovered:
D:1:      onia_arrival_mini_spirals, layout_basic, minmay_tripent
D:2:      layout_basic, serial_shops, nicolae_shop_behind_doors

Action                   || total
-------------------------++-------
Melee: Unarmed           ||    36
       Constrict         ||    10
       Tentacles         ||     5
       Punch             ||     1
  Use: Scroll            ||     2
       Potion            ||     1
 Stab: Sleeping          ||     1
Armor: Skin              ||     2
Dodge: Dodged            ||    21

Table legend: (Time is in decaauts)
 A = Elapsed time spent in this place.
 B = Non-inter-level travel time spent in this place.
 C = Inter-level travel time spent in this place.
 D = Time resting spent in this place.
 E = Time spent auto-exploring this place.
 F = Levels seen in this place.
 G = Mean time per level.
                   A        B        C        D        E       F      G
               +--------+--------+--------+--------+--------+-----+--------+
         Total |    983 |    963 |     20 |      0 |    817 |   2 |  491.5 |
       Dungeon |    983 |    963 |     20 |      0 |    817 |   2 |  491.5 |
               +--------+--------+--------+--------+--------+-----+--------+

Top non-repeatable levels by time:
     D:1: 854 daAuts
     D:2: 128 daAuts
